 Dungeon Crawl Stone Soup version 0.20.0-10-g0535bb4 (webtiles) character file.

205 skittles the Firebug (level 5, -5/44 HPs)
             Began as a Draconian Fire Elementalist on June 3, 2017.
             Slain by George's ghost (12 damage)
             ... on level 4 of the Dungeon.
             The game lasted 00:10:49 (4406 turns).

skittles the Firebug (Draconian Fire Elementalist)  Turns: 4406, Time: 00:10:50

Health: -5/44      AC:  5    Str: 10    XL:     5   Next: 53%
Magic:  8/9        EV: 13    Int: 16    God:
Gold:   213        SH:  0    Dex: 12    Spells: 2/10 levels left

rFire    . . .     SeeInvis .   D - +0 halberd
rCold    . . .     Gourm    .   (shield currently unavailable)
rNeg     . . .     Faith    .   (armour unavailable)
rPois    .         Spirit   .   (helmet restricted)
rElec    .         Reflect  .   (no cloak)
rCorr    +         Harm     .   (no gloves)
MR       +....                  (no boots)
Stlth    ++........             (no amulet)
Regen    0.2/turn               l - ring of resist corrosion
MPRegen  0.2/turn               E - ring of protection from magic

@: no status effects
A: unfitting armour, talons 1, evolution 1, cold-blooded, AC +5
a: no special abilities


You were on level 4 of the Dungeon.
You were not hungry.

You visited 1 branch of the dungeon, and saw 4 of its levels.
You also visited: Sewer.

You collected 213 gold pieces.

Inventory:

Hand Weapons
 y - a +0 morningstar
 D - a +0 halberd (weapon)
Armour
 g - a +0 buckler
Jewellery
 l - a ring of resist corrosion (left hand)
 E - a ring of protection from magic (right hand)
Wands
 z - a wand of confusion (20/48)
 C - a wand of paralysis (3/24)
Scrolls
 e - a scroll of magic mapping {unknown}
 j - 2 scrolls of blinking {unknown}
 k - a scroll of noise {unknown}
 n - 2 scrolls of remove curse {unknown}
 p - a scroll of random uselessness {unknown}
 q - a scroll of fear {unknown}
 s - a scroll of enchant armour {unknown}
 t - 4 scrolls of fog {unknown}
 u - a scroll of enchant weapon {unknown}
 v - 2 scrolls of recharging {unknown}
 B - a scroll of teleportation
Potions
 c - 4 potions of might
 d - a potion of resistance
 f - a potion of haste {unknown}
 h - 3 potions of brilliance
 m - 4 potions of heal wounds {unknown}
 r - 2 potions of magic
 w - a potion of lignification
 x - a potion of ambrosia
 A - a potion of cancellation {unknown}
Books
 a - a book of Flames

   Spells                             Type                      Level
   a - Flame Tongue                   Conjuration/Fire             1
   b - Throw Flame                    Conjuration/Fire             2
   c - Conjure Flame                  Conjuration/Fire             3
   d - Inner Flame                    Hexes/Fire                   3
   e - Sticky Flame                   Conjuration/Fire             4
   f - Fireball                       Conjuration/Fire             5
Comestibles
 b - 7 bread rations
 o - 2 meat rations


   Skills:
 + Level 2.8 Fighting
 + Level 2.8 Dodging
 - Level 1.7 Stealth
 - Level 3.0 Spellcasting
 + Level 2.3 Conjurations
 + Level 3.7 Fire Magic


You had 2 spell levels left.
You knew the following spells:

 Your Spells              Type           Power        Failure   Level  Hunger
a - Flame Tongue          Conj/Fire      ##...        5%          1    #......
b - Conjure Flame         Conj/Fire      ##......     16%         3    ###....
c - Sticky Flame          Conj/Fire      ##......     47%         4    #####..


Dungeon Overview and Level Annotations

Branches:
Dungeon (4/15)
 Temple: D:4-7

Altars:
Elyvilon
Trog
Yredelemnul

Annotations:
D:4 George's ghost, amateur MiFi


Innate Abilities, Weirdness & Mutations

Your plain brown scales are hard. (AC +5)
You cannot fit into any form of body armour.
You are cold-blooded and may be slowed by cold attacks.
You have sharp toenails.
You evolve.


Message History

Confirm with . or Enter, or press ? or * to list all spells.
Aiming: Conjure Flame
Press: ? - help, Dir - move target cursor, p - George's ghost The fire ignites!
You hit George's ghost but do no damage.
George's ghost is engulfed in blazing flames.
George's ghost hits you!
George's ghost is engulfed in blazing flames.
George's ghost hits you.
You barely miss George's ghost.
George's ghost is moderately damaged.
George's ghost is engulfed in blazing flames.
George's ghost hits you!
* * * LOW HITPOINT WARNING * * *
George's ghost is engulfed in blazing flames.
You see here 9 poisoned needles.
Found 14 stones.
There is a stone staircase leading up here.
George's ghost hits you!
You die...

#.# ..# #.......#
#....# #.# #.#
#.......# #....#
#.######.###.......#
#....#
#.#........'.......#
######
#.#.####.###.....#.#
+>.(...#.##........#
#.#.##...##........#
#.#.###..##........#
#.#.# #.......W@...#
#.#.# #..##........#
#.#............#.....(.
#.######.#####.#.#(#...
#. .... #.#.#.#...
###.. #.#.# # # #...
#.#.# #.#. #.#.#


You could see George's ghost.

Vanquished Creatures
  2 worker ants
  4 adders
  4 gnolls
  An adder skeleton (D:4)
  A worm (D:4)
  A dart slug (D:3)
  2 leopard geckos
  An orc (D:3)
  6 ball pythons
  7 bats
  3 giant cockroaches
  9 hobgoblins
  3 jackals (Sewer)
  A quokka (D:3)
  3 frilled lizards
  5 goblins
  10 kobolds
  14 rats
77 creatures vanquished.

Notes
Turn   | Place    | Note
-------+----------+-------------------------------------------
     0 | D:1      | skittles the Draconian Fire Elementalist began the quest for the Orb.
     0 | D:1      | Reached XP level 1. HP: 14/14 MP: 3/3
    61 | D:1      | Reached XP level 2. HP: 22/22 MP: 0/5
   239 | D:1      | Reached skill level 1 in Fighting
   758 | D:1      | Reached XP level 3. HP: 23/28 MP: 6/6
  1397 | D:2      | Found a white marble altar of Elyvilon.
  1550 | D:2      | Found a basalt altar of Yredelemnul.
  1914 | D:3      | Found a bloodstained altar of Trog.
  2066 | D:3      | Learned a level 3 spell: Conjure Flame
  2198 | D:3      | Reached XP level 4. HP: 29/36 MP: 4/7
  2792 | D:3      | Reached XP level 5. HP: 41/42 MP: 9/9
  3219 | D:4      | Noticed an ogre
  3326 | D:4      | Found a glowing drain.
  3424 | Sewer    | Entered a sewer
  3427 | Sewer    | Gained mutation: You evolve. [potion of mutation]
  3427 | Sewer    | Gained mutation: You have sharp toenails. [potion of mutation]
  4254 | D:4      | Learned a level 4 spell: Sticky Flame
  4353 | D:4      | Noticed George's ghost (amateur MiFi)
  4406 | D:4      | Slain by George's ghost

Skill      XL: |  1  2  3  4  5 |
---------------+----------------+-----
Dodging        | 2 |  2.8
Fighting       | 1 2 |  2.8
Conjurations   | 2 |  2.3
Spellcasting   | 3 |  3.0
Stealth        | |  1.7
Fire Magic     | |  3.7

Action                   |  1- 3 |  4- 6 || total
-------------------------+-------+-------++-------
Melee: Unarmed           |    11 |       ||    11
       Tailslap          |     7 |     6 ||    13
       Spear             |   145 |       ||   145
       Halberd           |       |    57 ||    57
       Kick              |       |     1 ||     1
 Cast: Flame Tongue      |    11 |    58 ||    69
       Conjure Flame     |       |     4 ||     4
Evoke: Wand              |       |     2 ||     2
  Use: Scroll            |       |     9 ||     9
       Potion            |       |     1 ||     1
 Stab: Sleeping          |     7 |     2 ||     9
       Distracted        |       |     1 ||     1
  Eat: Chunk             |     4 |     6 ||    10
       Royal jelly       |       |     1 ||     1
Armor: Skin              |    51 |    22 ||    73
Dodge: Dodged            |    77 |    65 ||   142
